 Dungeon Crawl Stone Soup version 0.23.2-33-g5129a83184 (webtiles) character file.

Game seed: 7982630211422315776

74174 lepoulpe303 the Brawler (level 15, -1/161 HPs)
             Began as a Troll Monk on July 3, 2019.
             Was the Champion of Ru.
             Slain by Aizul (8 damage)
             ... on level 1 of the Snake Pit on July 4, 2019.
             The game lasted 02:00:32 (25402 turns).

lepoulpe303 the Brawler (Troll Monk)               Turns: 25402, Time: 02:00:34

Health: -1/161     AC: 13    Str: 29    XL:     15   Next: 6%
Magic:  14/14      EV: 13    Int:  8    God:    Ru [******]
Gold:   1320       SH:  0    Dex: 15    Spells: 14/14 levels left

rFire    + . .     SeeInvis .     - Unarmed
rCold    . . .     Gourm    +   (no shield)
rNeg     + . .     Faith    .   O - +2 troll leather armour {regen}
rPois    .         Spirit   .   M - +2 hat
rElec    .         Reflect  .   H - +0 cloak "Vous" {Regen+ Slay+2 Stlth+} (curse)
rCorr    .         Harm     .   (gloves unavailable)
MR       ++++.     Clarity  +   (boots unavailable)
Stlth    ++++......             G - amulet of the Four Winds {rN+ MR+++ Clar}
HPRegen  1.56/turn              m - +4 ring of strength
MPRegen  0.14/turn              F - ring of Ibles {+Fly rF+ Dex+2}

@: lethally poisoned (-1 -> -2), exhausted, constricted, lightly drained
A: large, unfitting armour, claws 3, clever 1, fast metabolism 3, gourmand,
regeneration 1, shaggy fur 1, tough skin 3, weak 1, inability to use devices, no
air magic, no hexes magic, no translocations magic, disrupted magic 1,
MP-powered wands, inexperienced 1
a: Draw Out Power, Power Leap, Apocalypse, Renounce Religion


You were on level 1 of the Snake Pit.
You worshipped Ru.
Ru was exalted by your worship.
You were full.

You visited 5 branches of the dungeon, and saw 25 of its levels.
You also visited: Gauntlet.

You collected 2338 gold pieces.
You spent 1018 gold pieces at shops.

Inventory:

Hand Weapons
 b - a +0 blowgun
Missiles
 v - 24 poisoned needles
 L - 17 javelins of penetration
 U - 5 needles of sleeping
 Y - 22 large rocks (quivered) {!d}
Armour
 u - +0 acid dragon scales
 y - a +2 robe of magic resistance {MR+}
 H - the cursed +0 cloak "Vous" (worn) {Regen+ Slay+2 Stlth+}
   (You bought it in a shop on level 8 of the Dungeon)

   It affects your accuracy and damage with ranged weapons and melee attacks
   (+2).
   It increases your rate of regeneration.
   It makes you more stealthy.
   It has a curse placed upon it.
 M - a +2 hat (worn)
 O - a +2 troll leather armour (worn) {regen}
Jewellery
 m - a +4 ring of strength (left claw)
 E - a +5 ring of dexterity
 F - the ring of Ibles (right claw) {+Fly rF+ Dex+2}
   (You took it off a minotaur in a Gauntlet)

   [ring of protection from fire]

   It affects your dexterity (+2).
   It protects you from fire.
   It lets you fly.
 G - the amulet of the Four Winds (around neck) {rN+ MR+++ Clar}
   (You found it on level 9 of the Dungeon)

   [amulet of nothing]

   It protects you from negative energy.
   It affects your resistance to hostile enchantments.
   It protects you against confusion.
 P - an uncursed ring of poison resistance
 R - an uncursed ring of ice {rC+, rF-}
 S - an uncursed ring of see invisible
 T - a +3 ring of protection
Scrolls
 a - a scroll of noise {!r}
 f - 4 scrolls of fog
 g - a scroll of fear
 i - 3 scrolls of identify
 p - 3 scrolls of enchant weapon
 t - 8 scrolls of teleportation
 w - 4 scrolls of immolation {!r}
 x - 9 scrolls of remove curse
 z - a scroll of magic mapping {!r}
 A - a scroll of enchant armour
 B - a scroll of blinking {!r}
 C - a scroll of amnesia {unknown}
 I - a scroll of silence
 V - a scroll of acquirement {unknown}
 W - a scroll of holy word {!r}
 X - a scroll of summoning
Potions
 d - 3 potions of might
 h - 5 potions of haste
 k - 3 potions of lignification {!q}
 l - 3 potions of heal wounds
 n - 4 potions of resistance
 o - a potion of ambrosia
 q - a potion of curing
 r - 4 potions of flight
 s - 4 potions of agility
 D - a potion of magic
 J - 2 potions of invisibility
Comestibles
 e - 35 rations


   Skills:
 * Level 13.3(13.1) Fighting
 + Level 10.2(10.0) Throwing
 + Level 1.5(1.3) Armour
 + Level 9.9(9.7) Dodging
 * Level 4.8(4.6) Stealth
 * Level 15.5(15.2) Unarmed Combat


You had 14 spell levels left.
You didn't know any spells.
Your spell library contained the following spells:

 Spells                   Type           Power        Failure   Level  Hunger
 Magic Dart               Conj           #...         52%         1    ##.....
 Summon Small Mammal      Summ           #...         52%         1    ##.....
 Call Imp                 Summ           #.......     67%         2    ###....
 Corpse Rot               Necr           N/A          67%         2    ###....
 Searing Ray              Conj           #.....       67%         2    ###....
 Call Canine Familiar     Summ           #.......     87%         3    ####...
 Stone Arrow              Conj/Erth      #.....       87%         3    ####...
 Iskenderun's Mystic Bla  Conj           #.......     99%         4    #####..
 Petrify                  Tmut/Erth      #.......     99%         4    #####..
 Summon Ice Beast         Ice/Summ       #.......     99%         4    #####..
 Bolt of Magma            Conj/Fire/Erth #.........   100%        5    ######.
 Irradiate                Conj/Tmut      #.........   100%        5    ######.
 Iskenderun's Battlesphe  Conj/Chrm      #.......     100%        5    ######.
 Venom Bolt               Conj/Pois      #.........   100%        5    ######.
 Hydra Form               Tmut           #.........   100%        6    #######
 Iron Shot                Conj/Erth      #.........   100%        6    #######
 Statue Form              Tmut/Erth      #........    100%        6    #######
 Dragon Form              Tmut           #.........   100%        7    #######
 Orb of Destruction       Conj           #.........   100%        7    #######
 Spellforged Servitor     Conj/Summ      #.........   100%        7    #######
 Summon Hydra             Summ           #.........   100%        7    #######
 Confusing Touch          Hex            Unusable     N/A         1    N/A
 Slow                     Hex            Unusable     N/A         2    N/A
 Confuse                  Hex            Unusable     N/A         3    N/A
 Dazzling Spray           Conj/Hex       Unusable     N/A         3    N/A
 Gell's Gravitas          Tloc           Unusable     N/A         3    N/A
 Summon Guardian Golem    Hex/Summ       Unusable     N/A         3    N/A
 Cause Fear               Hex            Unusable     N/A         4    N/A
 Force Lance              Conj/Tloc      Unusable     N/A         4    N/A
 Fulminant Prism          Conj/Hex       Unusable     N/A         4    N/A
 Leda's Liquefaction      Hex/Erth       Unusable     N/A         4    N/A
 Summon Lightning Spire   Summ/Air       Unusable     N/A         4    N/A
 Metabolic Englaciation   Hex/Ice        Unusable     N/A         5    N/A
 Silence                  Hex/Air        Unusable     N/A         5    N/A
 Summon Forest            Summ/Tloc      Unusable     N/A         5    N/A
 Yara's Violent Unravell  Hex/Tmut       Unusable     N/A         5    N/A
 Conjure Ball Lightning   Conj/Air       Unusable     N/A         6    N/A
 Deflect Missiles         Chrm/Air       Unusable     N/A         6    N/A
 Tornado                  Air            Unusable     N/A         9    N/A

Dungeon Overview and Level Annotations

Branches:
Dungeon (15/15)            Temple (1/1) D:5            Lair (6/6) D:9
 Shoals (0/4) Lair:4        Snake (1/4) Lair:4        Slime (0/5) Lair:6
    Orc (2/2) D:9             Elf (0/3) Orc:2        Vaults (0/5) D:13
 Depths (0/5) D:15

Altars:
Ashenzari
Cheibriados
Dithmenos
Elyvilon
Fedhas
Gozag
Hepliaklqana
Kikubaaqudgha
Makhleb
Nemelex Xobeh
Okawaru
Qazlal
Ru
Sif Muna
Trog
Uskayaw
Vehumet
Wu Jian
Xom
Yredelemnul
Zin
The Shining One
Beogh

Shops:
D:4 *   D:8 [   D:10 =*=   Orc:1 !   Orc:2 ***:

Annotations:
D:3 2 transporters, Killmatronix's ghost, amateur KoHu
D:4 1 runed translucent door, Statics's ghost, amateur OpFi
Lair:2 exclusion: hydra
Lair:3 exclusions: hydra and oklob plant
Lair:4 3 runed translucent doors, exclusion: 2 hydras, Thalamas's ghost, journeyman MiBe
Lair:5 exclusion: oklob plant
Snake:1 exclusion: Josephine, Aizul
Orc:2 2 runed translucent doors, exclusion: orange crystal statue


Innate Abilities, Weirdness & Mutations

You are too large for most types of armour.
You have claws for hands.
Your metabolism is lightning-fast.
You like to eat raw meat.
Your natural rate of healing is unusually fast.
You are covered in fur. (AC +1)
You have extremely tough skin. (AC +3)
You are weak. (Str -2)
You cannot study or use magical devices.
You cannot study or cast Air magic.
You cannot study or cast Hexes magic.
You cannot study or cast Translocations magic.
Your casting is slightly disrupted.
You are somewhat inexperienced. (-2 XL)
Your mind is acute. (Int +2)
You expend magic power (3 MP) to strengthen your wands.


Message History

The naga sharpshooter casts a spell.
The naga sharpshooter magically shoots an arrow.
The arrow hits you!
* * * LOW HITPOINT WARNING * * *
The naga warrior begins to attack, but is stunned by your will!
The naga drinks a potion.
The naga suddenly seems more agile.
Aizul casts a spell at you. The poison arrow misses you.
The naga begins to attack, but is stunned by your will!
You take 14 damage, and have 1/161 hp.
Unknown command.
You feel much better.
You feel very sick.
The anaconda bites you but does no damage.
* * * LOW HITPOINT WARNING * * *
The anaconda constricts you. The anaconda bites you!
* * * LOW HITPOINT WARNING * * *
x2 The anaconda constricts you.
Aizul hits you!
You die... ##.....รท........##....N .......N...).NN..# ..... ............NN...# .... ....(##....NNN..## ... ....# #NNNNNN...#

....
#SSSSS......
...
#SSSS.......#
#SS###.......
#@S###.....##
##NN(#.....
##(.(((..@
..(.(..##
#.....)...
##..(.....
.#.(.)... .
....(.. .
#......


You could see Aizul, 3 naga warriors, 3 naga sharpshooters, a salamander, an
anaconda (blind), a naga ritualist, 2 mana vipers, 8 black mambas and 8 nagas.

Levels and vault maps discovered:
D:1:      evilmike_arrival_run_for_it, layout_basic, st_stairs_5,
          minmay_hedge_maze, minmay_crystal_water, nrook_uturn, hex_tiny
D:2:      layout_basic, yredelemnul_altar_generic, uniq_robin
D:3:      layout_loops_ring, serial_aquarium, aquarium_bridge_straight
          [aquarium_subvault_bridge, aquarium_subvault_wall,
          aquarium_subvault_bridge, aquarium_subvault_window],
          aquarium_window_1, aquarium_window_2, aquarium_view_2e,
          aquarium_balcony_3a, gammafunk_ghost_smash
D:4:      layout_basic, first_ration, gammafunk_ghost_grave, serial_shops,
          nicolae_shop_competitors_out_of_business, uniq_ijyb, uniq_pikel,
          uniq_grinder
D:5:      layout_loops_cross, minmay_temple_entry_sparse_star,
          dk_rats_in_the_wall
D:6:      layout_cave_pools, grunt_ministairs_9, minmay_circle_x
D:7:      layout_basic, trog_book
D:8:      layout_basic, lemuel_coloured_pillars_altar,
          minmay_overflow_temple_hex, marbit_many_paths, serial_shops,
          nicolae_shop_crystal, hangedman_little_slice_of_home
D:9:      layout_stronghold, nicolae_overflow_crystal_walls,
          kennysheep_mini_moat, dpeg_oklobed_lair, orc_0_dummy, basic_altar,
          trog_hazing_becter
D:10:     layout_loops_ring, serial_shops, shop, nicolae_shop_window_shopping,
          shop, kennysheep_opposing_triangles
D:11:     layout_irregular_city, minivault_16, uniq_erolcha
D:12:     layout_rooms, st_stairs_11
D:13:     layout_irregular_city, david_vaults_4
D:14:     layout_basic, minmay_misc_feat_hallway
D:15:     gammafunk_enter_depths_forms, layout_gridville,
          nicolae_ru_awakened_eye, hangedman_abyss_or_decor_passed,
          grunt_gozag_statues, uniq_nessos
Temple:   hc_temple_tempest_star
Lair:1:   layout_loops_ring, enter_volcano_4, grunt_megastairs_5,
          infiniplex_staircase_pool, uniq_gastronok
Lair:2:   layout_cave_pods, gauntlet_entry_generic,
          chequers_serial_rivers_micro_c, beast_lair_carwin_8
Lair:3:   layout_misc_corridors, minivault_24, grunt_forest_stairs_basic,
          chequers_serial_rivers_micro_d, grunt_megastairs_4
Lair:4:   layout_roguey, minmay_shoals_entry_centaurs,
          minmay_snake_entry_guardpost_small, gammafunk_ghost_hydra_chop,
          minivault_27, uniq_snorg
Lair:5:   layout_small_grid, minmay_lair_oklob_bushes,
          cheibrodos_lair_reptile_den
Lair:6:   hangedman_lair_caniforms_friends, layout_cave_shapes,
          minmay_slime_entry_pillars
Snake:1:  layout_onion, uniq_aizul, uniq_josephine, uniq_donald
Orc:1:    layout_caves, serial_shops, shop, lightli_church_of_beogh
Orc:2:    st_orc_rangers, layout_caves, basic_altar,
          chequers_guarded_unrand_ignorance
Gauntlet: minmay_gauntlet_77_indecision [minmay_gauntlet_arena_77_mirror,
          minmay_gauntlet_arena_77_shame_cube,
          minmay_gauntlet_arena_77_hold_the_fort, minmay_gauntlet_arena_77_mess,
          minmay_gauntlet_arena_77_broken_ladder, minmay_gauntlet_arena_77_fan,
          gauntlet_exit_spiral]

Notes
Turn   | Place    | Note
-------+----------+-------------------------------------------
     0 | D:1      | lepoulpe303 the Troll Monk began the quest for the Orb.
     0 | D:1      | Reached XP level 1. HP: 22/22 MP: 0/0
    42 | D:1      | Identified a +0 short sword
   104 | D:1      | Identified a +0 club
   109 | D:1      | Reached XP level 2. HP: 29/29 MP: 1/1
   488 | D:1      | Identified a +0 whip
   519 | D:1      | Identified a +0 dagger
   575 | D:1      | Identified a +2 dagger of speed
   584 | D:1      | Reached XP level 3. HP: 35/36 MP: 2/2
   966 | D:2      | Identified a +0 club
  1010 | D:2      | Reached skill level 1 in Throwing
  1094 | D:2      | Identified a +0 dagger
  1096 | D:2      | Identified a +0 whip
  1096 | D:2      | Identified a +0 animal skin
  1096 | D:2      | Identified a +2 helmet
  1096 | D:2      | Noticed Robin
  1098 | D:2      | Identified a +0 hunting sling
  1098 | D:2      | Identified a +0 club
  1100 | D:2      | Identified a +0 club
  1104 | D:2      | Identified a +0 club
  1107 | D:2      | Killed Robin
  1107 | D:2      | Reached skill level 3 in Fighting
  1123 | D:2      | Reached XP level 4. HP: 32/45 MP: 3/3
  1261 | D:2      | Found a basalt altar of Yredelemnul.
  1343 | D:2      | lepoulpe303: !whichgod trmo
  1343 | D:2      | meem: 111 recent wins for trmo: 24x Okawaru, 14x Ru, 13x
                  | Cheibriados, 12x Jiyva, 10x The Shining One, 9x
                  | Yredelemnul, 6x Qazlal, 5x Hepliaklqana, 5x Makhleb, 3x
                  | Elyvilon, 3x Wu Jian, 3x Ashenzari, 2x Uskayaw, Sif Muna,
                  | Trog
  1665 | D:3      | Noticed Killmatronix's ghost (amateur KoHu)
  1667 | D:3      | Found a transporter.
  1667 | D:3      | Identified a +0 giant club
  1667 | D:3      | Noticed an ogre
  1667 | D:3      | Identified the +2 dire flail of Extremism {flame, Int-5
                  | Dex+3}
  1667 | D:3      | Noticed an ogre
  1668 | D:3      | Identified a +0 club
  1707 | D:3      | Found a transporter.
  1751 | D:3      | Identified a +0 chain mail
  1890 | D:3      | Reached skill level 4 in Unarmed Combat
  2023 | D:3      | Identified a +0 club
  2025 | D:3      | Identified a +0 club
  2156 | D:3      | Identified a +0 club
  2212 | D:3      | Reached XP level 5. HP: 53/53 MP: 4/4
  2288 | D:3      | Identified a +0 club
  2459 | D:4      | Found Wais's Assorted Antiques.
  2560 | D:4      | Found a runed translucent door.
  2562 | D:4      | Noticed Statics's ghost (amateur OpFi)
  2580 | D:4      | Identified a +0 ring mail
  2587 | D:4      | Reached skill level 3 in Dodging
  2632 | D:4      | Identified a +0 whip of freezing
  2632 | D:4      | Identified a +1 robe of magic resistance
  2632 | D:4      | Noticed Pikel
  2632 | D:4      | Identified a +0 animal skin
  2632 | D:4      | Noticed a slave
  2632 | D:4      | Identified a +0 animal skin
  2632 | D:4      | Noticed a slave
  2641 | D:4      | Identified a +0 animal skin
  2641 | D:4      | Noticed a slave
  2663 | D:3      | Identified 2 potions of magic
  2665 | D:3      | HP: 13/53 [Pikel/+0 whip of freezing (1)]
  2667 | D:3      | HP: 4/53 [Pikel/+0 whip of freezing (3)]
  2669 | D:3      | Killed Pikel
  2669 | D:3      | Reached skill level 4 in Fighting
  2669 | D:3      | Reached skill level 2 in Throwing
  2669 | D:3      | Reached skill level 5 in Unarmed Combat
  2669 | D:3      | Reached XP level 6. HP: 5/63 MP: 5/5
  2669 | D:3      | Reached XP level 7. HP: 6/71 MP: 6/6
  2775 | D:3      | Identified 4 scrolls of teleportation
  2776 | D:3      | Identified 5 scrolls of identify
  2776 | D:3      | Identified an amulet of inaccuracy (You found it on level 2
                  | of the Dungeon)
  2778 | D:3      | Identified a potion of flight
  2779 | D:3      | Identified 2 scrolls of fog
  2828 | D:4      | Identified a ring of strength (You found it on level 1 of
                  | the Dungeon)
  2829 | D:4      | Identified a ring of protection from fire (You found it on
                  | level 3 of the Dungeon)
  2856 | D:4      | Identified a +0 dagger
  2856 | D:4      | Identified a +0 robe
  2856 | D:4      | Identified a +0 dagger
  2856 | D:4      | Identified a +0 robe
  2856 | D:4      | Identified a +0 club
  2856 | D:4      | Identified a +0 leather armour
  2889 | D:4      | Identified a +0 club
  2896 | D:4      | Identified a +0 leather armour
  2896 | D:4      | Noticed Ijyb
  2925 | D:4      | Killed Ijyb
  3009 | D:4      | Identified a +0 flail
  3009 | D:4      | Identified a +0 chain mail
  3129 | D:4      | Noticed Grinder
  3134 | D:4      | Killed Grinder
  3134 | D:4      | Reached skill level 5 in Fighting
  3134 | D:4      | Reached skill level 3 in Throwing
  3134 | D:4      | Reached skill level 6 in Unarmed Combat
  3339 | D:5      | Entered Level 5 of the Dungeon
  3377 | D:5      | Reached XP level 8. HP: 80/80 MP: 7/7
  3445 | D:5      | Found a staircase to the Ecumenical Temple.
  3457 | Temple   | Entered the Ecumenical Temple
  3645 | Temple   | Became a worshipper of Ru the Awakened
  3652 | Temple   | Gained mutation: You cannot study or use magical devices.
                  | [Ru sacrifice]
  3652 | Temple   | Reached * piety under Ru
  3652 | Temple   | Reached ** piety under Ru
  3764 | D:5      | Reached skill level 4 in Dodging
  4318 | D:6      | Identified a +0 giant spiked club
  4326 | D:6      | Identified a +0 halberd
  4327 | D:6      | Identified a +0 club
  4327 | D:6      | Identified a +0 robe
  4329 | D:6      | Identified a +0 club
  4331 | D:6      | Identified a +0 club
  4333 | D:6      | Identified a +0 spear
  4333 | D:6      | Identified a +0 spear
  4336 | D:6      | Reached skill level 7 in Unarmed Combat
  4452 | D:6      | Identified a +2 short sword
  4452 | D:6      | Identified a +0 robe
  4453 | D:6      | Identified a cursed +4 spear
  4453 | D:6      | Identified a +0 robe
  4455 | D:6      | Identified a +4 hand axe
  4455 | D:6      | Identified a +0 robe
  4457 | D:6      | Identified a cursed +3 halberd
  4457 | D:6      | Identified a +0 robe
  4578 | D:6      | HP: 19/83 [wight/cursed +4 spear (7)]
  4692 | D:6      | Reached skill level 6 in Fighting
  4733 | D:6      | Reached skill level 4 in Throwing
  4798 | D:6      | Identified a cursed -3 mace
  4799 | D:6      | Identified a +0 whip
  4799 | D:6      | Identified a +0 ring mail
  4799 | D:6      | Identified a +0 hand axe
  4799 | D:6      | Identified a +0 leather armour
  4800 | D:6      | Identified a +0 flail
  4800 | D:6      | Identified a +0 whip
  4800 | D:6      | Identified a +0 whip
  4800 | D:6      | Identified a +0 scale mail
  4801 | D:6      | Identified a +0 whip
  4805 | D:6      | Identified a +0 hand axe
  4829 | D:6      | Reached XP level 9. HP: 73/89 MP: 8/8
  4839 | D:6      | Identified a +0 dagger
  4839 | D:6      | Identified a +0 robe
  4840 | D:6      | Identified a +0 short sword
  4840 | D:6      | Identified a +0 chain mail
  4945 | D:6      | Identified a +0 dagger
  4945 | D:6      | Identified a +0 robe
  5421 | D:7      | Identified a +0 club
  5421 | D:7      | Identified a +0 leather armour
  5422 | D:7      | Identified a +0 hand axe
  5422 | D:7      | Identified a cursed -2 leather armour
  5423 | D:7      | Identified a +0 scimitar
  5423 | D:7      | Identified a +0 plate armour
  5424 | D:7      | Identified a +0 hand axe
  5425 | D:7      | Identified a +0 dagger
  5425 | D:7      | Identified a +0 chain mail
  5538 | D:7      | Found a bloodstained altar of Trog.
  5554 | D:7      | Gained mutation: You cannot study or cast Air magic. [Ru
                  | sacrifice]
  5554 | D:7      | Gained mutation: You cannot study or cast Hexes magic. [Ru
                  | sacrifice]
  5554 | D:7      | Gained mutation: You cannot study or cast Translocations
                  | magic. [Ru sacrifice]
  5554 | D:7      | Reached *** piety under Ru
  5587 | D:7      | Reached skill level 8 in Unarmed Combat
  5631 | D:7      | Identified a +0 shortbow
  5748 | D:7      | Identified a +0 giant spiked club
  5754 | D:7      | Reached skill level 5 in Dodging
  5826 | D:7      | Identified a +0 dagger
  5826 | D:7      | Identified a +0 robe
  5826 | D:7      | Identified a +0 flail
  5826 | D:7      | Identified a +0 ring mail
  5826 | D:7      | Identified a +0 dagger
  5855 | D:7      | Identified a +0 dagger
  5855 | D:7      | Identified a +0 robe
  5859 | D:7      | Identified a +0 dagger
  5859 | D:7      | Identified a +0 robe
  5868 | D:7      | Identified a +3 flail
  6136 | D:7      | Identified 2 potions of resistance
  6137 | D:7      | Identified 4 scrolls of remove curse
  6139 | D:7      | Identified a ring of dexterity (You found it on level 7 of
                  | the Dungeon)
  6233 | D:8      | Reached skill level 7 in Fighting
  6367 | D:8      | Identified an amulet of the gourmand (You found it on level
                  | 8 of the Dungeon)
  6451 | D:8      | Found a shimmering altar of Xom.
  6540 | D:8      | Reached skill level 5 in Throwing
  6742 | D:8      | Found Tahuris's Antique Armour Shop.
  6747 | D:8      | Bought an ichor-stained cloak for 294 gold pieces
  6752 | D:8      | Identified the cursed +0 cloak "Vous" {Regen+ Slay+2
                  | Stlth+} (You bought it in a shop on level 8 of the Dungeon)
  6778 | D:8      | Identified a +0 dagger
  6778 | D:8      | Identified a +0 robe
  6780 | D:8      | Identified a +2 hand axe of venom
  6780 | D:8      | Identified a +0 leather armour
  6813 | D:8      | Found a white marble altar of Elyvilon.
  6818 | D:8      | Reached skill level 9 in Unarmed Combat
  6819 | D:8      | Found a shattered altar of Ashenzari.
  6819 | D:8      | Found an iron altar of Okawaru.
  6819 | D:8      | Found an opulent altar of Gozag.
  6829 | D:8      | Found a sparkling altar of Nemelex Xobeh.
  6832 | D:8      | Found a deep blue altar of Sif Muna.
  6929 | D:8      | Reached XP level 10. HP: 102/102 MP: 9/9
  6935 | D:8      | Paralysed by a hornet for 3 turns
  6945 | D:8      | Found a hazy altar of Hepliaklqana.
  7178 | D:9      | Found a staircase to the Orcish Mines.
  7258 | D:9      | Found a bloodstained altar of Trog.
  7260 | D:9      | Identified a +2 halberd of protection
  7260 | D:9      | Identified a +0 robe
  7261 | D:9      | Identified a +0 giant spiked club
  7261 | D:9      | Identified a +3 halberd
  7261 | D:9      | Identified a +0 robe
  7263 | D:9      | Identified a +0 war axe
  7263 | D:9      | Identified a +0 robe
  7263 | D:9      | Identified a cursed +4 mace
  7263 | D:9      | Identified a +0 robe
  7277 | D:9      | Found a shimmering altar of Xom.
  7336 | D:9      | Found the amulet of the Four Winds {rN+ MR+++ Clar}
  7351 | D:9      | Found a basalt altar of Yredelemnul.
  7451 | D:9      | Gained mutation: You are weak. (Str -2) [Ru sacrifice]
  7451 | D:9      | Reached **** piety under Ru
  7461 | D:9      | Identified a +0 short sword
  7601 | D:9      | Found a staircase to the Lair.
  7609 | D:9      | Identified a +0 animal skin
  7609 | D:9      | Identified a +0 animal skin
  7610 | D:9      | Identified a +0 animal skin
  7615 | D:9      | Identified a +0 animal skin
  7617 | D:9      | Found a bloodstained altar of Trog.
  7617 | D:9      | Identified a +0 animal skin
  7619 | D:9      | Identified a +0 animal skin
  8150 | Lair:1   | Entered Level 1 of the Lair of Beasts
  8178 | Lair:1   | Identified a +2 hat
  8178 | Lair:1   | Noticed Gastronok
  8904 | Lair:1   | Killed Gastronok
  8904 | Lair:1   | Reached skill level 8 in Fighting
  8904 | Lair:1   | Reached skill level 6 in Dodging
  8904 | Lair:1   | Reached skill level 10 in Unarmed Combat
  9002 | Lair:2   | Found a gate leading to a gauntlet.
  9015 | Gauntlet | Entered a Gauntlet
  9015 | Gauntlet | Found a transporter.
  9015 | Gauntlet | Found a runed translucent door.
  9015 | Gauntlet | Found a transporter.
  9019 | Gauntlet | Found a runed translucent door.
  9020 | Gauntlet | Found a transporter.
  9020 | Gauntlet | Found a transporter.
  9024 | Gauntlet | Found a transporter.
  9024 | Gauntlet | Found a transporter.
  9057 | Gauntlet | Found a transporter.
  9060 | Gauntlet | Found a transporter.
  9062 | Gauntlet | Noticed a death yak
  9062 | Gauntlet | Noticed a death yak
  9063 | Gauntlet | Noticed a death yak
  9063 | Gauntlet | Identified a +0 dagger
  9063 | Gauntlet | Identified a +0 robe
  9063 | Gauntlet | Noticed a necromancer
  9068 | Gauntlet | Found a transporter.
  9095 | Gauntlet | Found a transporter.
  9098 | Gauntlet | Identified a +0 vampiric scythe
  9098 | Gauntlet | Noticed a reaper
  9109 | Gauntlet | Found a transporter.
  9113 | Gauntlet | Found a transporter.
  9158 | Gauntlet | Identified 3 potions of degeneration
  9183 | Gauntlet | Reached skill level 6 in Throwing
  9326 | Gauntlet | Identified a ring of poison resistance (You found it in a
                  | Gauntlet)
  9473 | Gauntlet | Identified 3 scrolls of enchant armour
  9478 | Gauntlet | Identified 2 scrolls of blinking
  9479 | Gauntlet | Identified 2 scrolls of fear
  9489 | Gauntlet | Killed a death yak
  9489 | Gauntlet | Reached XP level 11. HP: 101/113 MP: 10/10
  9496 | Gauntlet | Killed a death yak
  9503 | Gauntlet | Killed a death yak
  9503 | Gauntlet | Reached skill level 9 in Fighting
  9504 | Gauntlet | Killed a necromancer
  9586 | Gauntlet | Identified a +1 hat of intelligence (You found it in a
                  | Gauntlet)
  9649 | Gauntlet | Identified a +2 battleaxe of flaming
  9649 | Gauntlet | Identified a +6 blowgun
  9649 | Gauntlet | Identified a +0 plate armour
  9649 | Gauntlet | Identified the ring of Ibles {+Fly rF+ Dex+2}
  9649 | Gauntlet | Noticed a minotaur
  9659 | Gauntlet | Killed a minotaur
  9714 | Lair:2   | Noticed a six-headed hydra
  9772 | Lair:2   | Reached skill level 11 in Unarmed Combat
 10103 | Lair:2   | Identified 3 potions of agility
 10104 | Lair:2   | Identified 2 scrolls of immolation
 10157 | Lair:2   | Reached skill level 7 in Dodging
 10221 | Lair:2   | Reached skill level 7 in Throwing
 10702 | Lair:2   | Identified 2 potions of might
 10825 | Lair:3   | Noticed a five-headed hydra
 10833 | Lair:3   | Noticed an oklob plant
 10918 | Lair:3   | Gained mutation: Your casting is slightly disrupted. [Ru
                  | sacrifice]
 11241 | Lair:3   | Reached skill level 10 in Fighting
 11241 | Lair:3   | Reached XP level 12. HP: 112/126 MP: 11/11
 11650 | Lair:4   | Identified a +0 shortbow
 11650 | Lair:4   | Identified a +0 shortbow
 11650 | Lair:4   | Identified a +0 shortbow
 11663 | Lair:4   | Noticed Snorg
 11682 | Lair:4   | Killed Snorg
 11682 | Lair:4   | Reached skill level 12 in Unarmed Combat
 11756 | Lair:4   | Found a staircase to the Shoals.
 11775 | Lair:4   | Identified a +0 shortbow
 11810 | Lair:4   | Identified a +0 war axe
 11888 | Lair:4   | Identified a +0 mace
 11888 | Lair:4   | Identified a +0 robe
 11911 | Lair:4   | Noticed a five-headed hydra
 11918 | Lair:4   | Identified 3 potions of heal wounds
 11919 | Lair:4   | Identified 2 potions of lignification
 11923 | Lair:4   | Killed a five-headed hydra
 11965 | Lair:4   | Found a staircase to the Snake Pit.
 12010 | Lair:4   | Found a runed translucent gate.
 12010 | Lair:4   | Found a runed translucent gate.
 12010 | Lair:4   | Found a runed translucent gate.
 12011 | Lair:4   | Noticed Thalamas's ghost (journeyman MiBe)
 12011 | Lair:4   | Noticed a 12-headed hydra
 12011 | Lair:4   | Noticed a 14-headed hydra
 12229 | Lair:4   | Identified a +0 trident
 12229 | Lair:4   | Identified a +0 robe
 12229 | Lair:4   | Identified an uncursed ring of see invisible
 12242 | Lair:4   | Identified a ring of protection (You found it on level 3 of
                  | the Lair of Beasts)
 12592 | Lair:4   | Noticed a nine-headed hydra
 12693 | Lair:5   | Reached skill level 8 in Throwing
 12788 | Lair:5   | Reached skill level 8 in Dodging
 12822 | Lair:5   | Reached skill level 11 in Fighting
 12978 | Lair:5   | Noticed an eight-headed hydra
 12982 | Lair:5   | Killed a nine-headed hydra
 12990 | Lair:5   | Gained mutation: You are somewhat inexperienced. (-2 XL)
                  | [Ru sacrifice]
 12990 | Lair:5   | Reached XP level 11. HP: 120/120 MP: 10/10
 12990 | Lair:5   | Reached XP level 10. HP: 113/113 MP: 9/9
 12990 | Lair:5   | Reached ***** piety under Ru
 12990 | Lair:5   | Reached ****** piety under Ru
 13048 | Lair:5   | Noticed a black mamba
 13059 | Lair:5   | Killed a black mamba
 13059 | Lair:5   | Reached XP level 11. HP: 108/120 MP: 10/10
 13089 | Lair:5   | Reached skill level 13 in Unarmed Combat
 13372 | Lair:5   | Noticed an oklob plant
 13622 | Lair:6   | Entered Level 6 of the Lair of Beasts
 14161 | Lair:6   | Noticed an anaconda
 14170 | Lair:6   | Killed an anaconda
 14170 | Lair:6   | Reached XP level 12. HP: 73/130 MP: 11/11
 14581 | Lair:6   | Reached skill level 9 in Throwing
 14815 | Lair:6   | Found a staircase to the Slime Pits.
 14908 | Lair:6   | Reached skill level 12 in Fighting
 14955 | Lair:6   | Noticed a catoblepas
 14966 | Lair:6   | Killed a catoblepas
 14966 | Lair:6   | Reached skill level 14 in Unarmed Combat
 15183 | Lair:6   | Identified the Catalogue of the Creative Oath
 15655 | D:7      | Identified a +0 blowgun (You found it on level 7 of the
                  | Dungeon)
 15659 | D:7      | Identified 2 potions of mutation
 15660 | D:7      | Identified a potion of haste
 15661 | D:7      | Identified a potion of ambrosia
 15662 | D:7      | Identified a potion of invisibility
 15663 | D:7      | Identified 2 potions of berserk rage
 15664 | D:7      | Identified 2 scrolls of enchant weapon
 15725 | Orc:1    | Entered Level 1 of the Orcish Mines
 15725 | Orc:1    | Identified a +0 dagger
 15725 | Orc:1    | Identified a +0 robe
 15725 | Orc:1    | Identified a +0 flail
 15725 | Orc:1    | Identified a +0 trident
 15725 | Orc:1    | Identified a +0 ring mail
 15725 | Orc:1    | Identified a +0 dagger
 15725 | Orc:1    | Identified a +0 robe
 15762 | Orc:1    | Identified a +0 short sword
 15763 | Orc:1    | Identified a +0 dagger
 15763 | Orc:1    | Identified a +0 dagger
 15763 | Orc:1    | Identified a +0 robe
 15765 | Orc:1    | Identified a +0 club
 15765 | Orc:1    | Identified a +0 bardiche
 15765 | Orc:1    | Identified a +0 plate armour
 15765 | Orc:1    | Identified a +0 mace
 15767 | Orc:1    | Identified a +0 short sword
 15767 | Orc:1    | Identified a +0 leather armour
 15767 | Orc:1    | Identified a +0 hand axe
 15767 | Orc:1    | Identified a +2 plate armour of positive energy
 15769 | Orc:1    | Identified a +2 hand axe of flaming
 15769 | Orc:1    | Identified a +0 plate armour
 15769 | Orc:1    | Identified a +0 mace
 15770 | Orc:1    | Identified a +0 short sword
 15770 | Orc:1    | Identified a +0 chain mail
 15770 | Orc:1    | Identified a +0 dagger
 15770 | Orc:1    | Identified a +0 robe
 15770 | Orc:1    | Identified a +0 trident
 15770 | Orc:1    | Identified a +0 leather armour
 15771 | Orc:1    | Identified a cursed -3 dagger
 15771 | Orc:1    | Identified a +0 robe
 15772 | Orc:1    | Identified a +0 troll leather armour
 15772 | Orc:1    | Identified a +0 club
 15776 | Orc:1    | Identified a +0 great sword
 15776 | Orc:1    | Identified a +0 chain mail
 15776 | Orc:1    | Identified a +0 dire flail
 15776 | Orc:1    | Identified a +0 dire flail
 15776 | Orc:1    | Noticed an ettin
 15776 | Orc:1    | Identified a +0 war axe
 15776 | Orc:1    | Identified a +0 ring mail
 15782 | Orc:1    | Identified a +0 halberd
 15782 | Orc:1    | Identified a +0 plate armour
 15783 | Orc:1    | Identified a +1 short sword of protection
 15783 | Orc:1    | Identified a +0 club
 15802 | Orc:1    | Identified a +0 halberd
 15802 | Orc:1    | Identified a +0 arbalest
 15802 | Orc:1    | Identified a +1 plate armour of cold resistance
 15805 | Orc:1    | Identified a +0 mace
 15805 | Orc:1    | Identified a +0 leather armour
 15968 | D:9      | Identified a ring of ice (You found it on level 6 of the
                  | Lair of Beasts)
 16014 | D:9      | Killed an ettin
 16014 | D:9      | Reached skill level 9 in Dodging
 16090 | D:9      | Reached XP level 13. HP: 140/140 MP: 12/12
 16139 | Orc:1    | Identified a cursed +0 flail
 16174 | Orc:1    | Identified a +0 dagger
 16331 | Orc:1    | Identified a +0 war axe
 16331 | Orc:1    | Identified a +0 plate armour
 16423 | Orc:1    | Identified a +0 giant spiked club
 16499 | Orc:1    | Found a runed translucent door.
 16501 | Orc:1    | Identified a +0 flail
 16502 | Orc:1    | Identified a +0 club
 16502 | Orc:1    | Identified a +0 leather armour
 16515 | Orc:1    | Identified a +1 dagger of venom
 16515 | Orc:1    | Identified a +0 robe
 16516 | Orc:1    | Identified a +0 hand axe
 16517 | Orc:1    | Identified a +0 dagger
 16517 | Orc:1    | Identified a +0 robe
 16655 | Orc:1    | Identified a +0 mace
 16655 | Orc:1    | Identified a cursed +0 plate armour
 16657 | Orc:1    | Identified a +0 dagger of draining
 16657 | Orc:1    | Identified a +0 ring mail
 16684 | Orc:1    | Identified a +0 war axe
 16684 | Orc:1    | Identified a +0 hand axe
 16684 | Orc:1    | Identified a +0 leather armour
 16696 | Orc:1    | Identified a +0 hand axe of flaming
 16696 | Orc:1    | Identified a +0 plate armour
 16728 | Orc:1    | Identified a +2 war axe of chopping
 16728 | Orc:1    | Identified a +0 leather armour
 16745 | Orc:1    | Identified a +0 dagger
 16745 | Orc:1    | Identified a +0 robe
 16749 | Orc:1    | Identified a +0 mace
 16749 | Orc:1    | Identified a +0 ring mail
 16763 | Orc:1    | Found a roughly hewn altar of Beogh.
 16840 | Orc:2    | Entered Level 2 of the Orcish Mines
 16852 | Orc:2    | Identified a +0 shortbow
 16855 | Orc:2    | Identified a cursed -1 shortbow
 16855 | Orc:2    | Identified a +0 shortbow
 16856 | Orc:2    | Identified a +0 shortbow
 16856 | Orc:2    | Identified a +0 hand axe
 16856 | Orc:2    | Identified a +0 arbalest
 16856 | Orc:2    | Identified a +0 morningstar
 16856 | Orc:2    | Identified a +0 arbalest
 16856 | Orc:2    | Identified a +0 glaive
 16856 | Orc:2    | Identified a +0 arbalest
 16858 | Orc:2    | Identified a cursed -3 battleaxe
 16858 | Orc:2    | Identified a +0 arbalest
 16860 | Orc:2    | Identified a +0 great mace
 16860 | Orc:2    | Identified a +0 arbalest
 16860 | Orc:2    | Identified a +0 battleaxe
 16860 | Orc:2    | Identified a +0 arbalest
 16865 | Orc:2    | Identified a +0 short sword
 16865 | Orc:2    | Identified a +0 leather armour
 16866 | Orc:2    | Identified a +0 great mace
 16866 | Orc:2    | Identified a +0 arbalest
 16867 | Orc:2    | Identified a +0 falchion
 16867 | Orc:2    | Identified a +0 leather armour
 16868 | Orc:2    | Identified a +0 trident
 16868 | Orc:2    | Identified a +0 plate armour
 16868 | Orc:2    | Identified a +0 hand axe
 16868 | Orc:2    | Identified a +0 arbalest
 16868 | Orc:2    | Identified a +0 dire flail
 16868 | Orc:2    | Identified a +0 chain mail
 16870 | Orc:2    | Identified a +0 broad axe
 16870 | Orc:2    | Identified a +3 arbalest
 16944 | Orc:2    | Identified a +0 trident
 16944 | Orc:2    | Identified a +0 chain mail
 16961 | Orc:2    | Identified a +0 dagger
 16961 | Orc:2    | Identified a +0 robe
 16961 | Orc:2    | Identified a +0 glaive
 16961 | Orc:2    | Identified a +0 arbalest
 16999 | Orc:2    | Identified a +0 great mace
 16999 | Orc:2    | Identified a +0 arbalest
 17000 | Orc:2    | Identified a +0 dire flail
 17000 | Orc:2    | Identified a +0 chain mail
 17001 | Orc:2    | Identified a +0 giant spiked club
 17002 | Orc:2    | Identified a +0 war axe
 17002 | Orc:2    | Identified a +0 plate armour
 17003 | Orc:2    | Identified a +0 broad axe
 17003 | Orc:2    | Identified a +0 arbalest
 17006 | Orc:2    | Identified a +0 great mace
 17006 | Orc:2    | Identified a +0 arbalest
 17072 | Orc:2    | Identified a +0 dagger
 17072 | Orc:2    | Identified a +0 robe
 17072 | Orc:2    | Identified a +0 broad axe
 17072 | Orc:2    | Identified a +0 arbalest
 17131 | Orc:2    | Identified a +0 broad axe
 17131 | Orc:2    | Identified a +0 arbalest
 17293 | Orc:2    | Identified a +0 hand axe
 17293 | Orc:2    | Identified a +0 chain mail
 17293 | Orc:2    | Identified a +0 dagger
 17293 | Orc:2    | Identified a +0 leather armour
 17315 | Orc:2    | Identified a +1 short sword of freezing
 17315 | Orc:2    | Identified a +0 morningstar
 17315 | Orc:2    | Identified a +0 arbalest
 17318 | Orc:1    | Reached skill level 2 in Stealth
 17375 | Orc:2    | Identified a +0 war axe
 17375 | Orc:2    | Identified a +0 chain mail
 17445 | Orc:2    | Identified a +0 shortbow
 17515 | Orc:2    | Found a staircase to the Elven Halls.
 17540 | Orc:2    | Identified a +0 war axe
 17540 | Orc:2    | Identified a cursed +0 plate armour
 17550 | Orc:2    | Identified a +0 dagger
 17550 | Orc:2    | Identified a +0 robe
 17631 | Orc:2    | Identified a +0 dagger
 17631 | Orc:2    | Identified a +2 robe of resistance
 17632 | Orc:2    | Identified a +0 dagger
 17632 | Orc:2    | Identified a +0 robe
 17633 | Orc:2    | Identified a +0 trident
 17633 | Orc:2    | Identified a +0 glaive
 17633 | Orc:2    | Identified a +0 chain mail
 17634 | Orc:2    | Identified a +0 whip
 17643 | Orc:2    | Identified a +0 dire flail
 17643 | Orc:2    | Identified a +0 chain mail
 17730 | Orc:2    | Identified a +0 trident
 17730 | Orc:2    | Identified a +0 arbalest
 17739 | Orc:2    | Identified a +0 shortbow
 17745 | Orc:2    | Identified a +0 trident
 17745 | Orc:2    | Identified a +0 arbalest
 17745 | Orc:2    | Identified a +0 hand axe
 17745 | Orc:2    | Identified a +0 arbalest
 17745 | Orc:2    | Identified a +0 hand axe
 17745 | Orc:2    | Identified a +0 arbalest
 17746 | Orc:2    | Identified a +0 war axe
 17746 | Orc:2    | Identified a +0 plate armour
 17746 | Orc:2    | Identified a +0 shortbow
 17749 | Orc:2    | Identified a +0 shortbow
 17762 | Orc:2    | Identified a +0 shortbow
 17774 | Orc:2    | Identified a +0 shortbow
 17995 | Orc:2    | Found a roughly hewn altar of Beogh.
 18003 | Orc:2    | Identified a +0 dire flail
 18003 | Orc:2    | Identified a +0 plate armour
 18003 | Orc:2    | Identified a +4 flail
 18004 | Orc:2    | Identified a +0 dagger
 18006 | Orc:2    | Identified a +0 leather armour
 18063 | Orc:2    | Found a runed translucent door.
 18076 | Orc:2    | Found the +10 large shield of Ignorance {rN+ Int-4}
 18081 | Orc:2    | Found a runed translucent door.
 18129 | Orc:2    | Found Pocom's General Store.
 18129 | Orc:2    | Found Beibuass's General Store.
 18131 | Orc:2    | Found Daidurch's General Store.
 18133 | Orc:2    | Found Wilunide's Book Shop.
 18138 | Orc:2    | Bought a scroll of teleportation for 42 gold pieces
 18138 | Orc:2    | Bought a scroll of identify for 28 gold pieces
 18140 | Orc:2    | Bought a potion of lignification for 39 gold pieces
 18140 | Orc:2    | Bought a scroll of immolation for 45 gold pieces
 18299 | Orc:1    | Identified a +0 flail
 18299 | Orc:1    | Identified a +0 plate armour
 18299 | Orc:1    | Identified a +0 trident
 18299 | Orc:1    | Identified a +0 dagger
 18299 | Orc:1    | Identified a +0 robe
 18312 | Orc:1    | Found Vatucwym's Distillery.
 18336 | Orc:1    | Bought a potion of mutation for 120 gold pieces
 18336 | Orc:1    | Bought a potion of heal wounds for 75 gold pieces
 18336 | Orc:1    | Bought a potion of haste for 150 gold pieces
 18336 | Orc:1    | Bought a potion of heal wounds for 75 gold pieces
 18336 | Orc:1    | Bought a potion of resistance for 150 gold pieces
 18336 | Orc:1    | Gained mutation: You are clumsy. (Dex -2) [potion of
                  | mutation]
 18336 | Orc:1    | Lost mutation: You are clumsy. (Dex -2) [potion of
                  | mutation]
 18337 | Orc:1    | Gained mutation: You are clumsy. (Dex -2) [potion of
                  | mutation]
 18337 | Orc:1    | Gained mutation: You have sharp toenails. [potion of
                  | mutation]
 18338 | Orc:1    | Lost mutation: You have sharp toenails. [potion of
                  | mutation]
 18338 | Orc:1    | Lost mutation: You are clumsy. (Dex -2) [potion of
                  | mutation]
 18338 | Orc:1    | Gained mutation: You expend magic power (3 MP) to
                  | strengthen your wands. [potion of mutation]
 18338 | Orc:1    | Gained mutation: Your mind is acute. (Int +2) [potion of
                  | mutation]
 18621 | D:10     | Entered Level 10 of the Dungeon
 18803 | D:10     | Identified a +0 shortbow
 18803 | D:10     | Identified a +0 trident
 18840 | D:10     | Identified a +0 shortbow
 18900 | D:10     | Identified a +0 shortbow
 18987 | D:10     | Found Teargh Ropra's Jewellery Boutique.
 19085 | D:10     | Found Opyoloav's General Store.
 19146 | D:10     | Found Samapt's Jewellery Shop.
 19654 | D:11     | Identified a +0 giant club
 19654 | D:11     | Identified a +0 robe
 19654 | D:11     | Noticed Erolcha
 19866 | D:11     | Identified +0 acid dragon scales
 20122 | D:11     | Killed Erolcha
 20570 | D:12     | Identified a +0 glaive
 20570 | D:12     | Identified a +0 war axe
 20570 | D:12     | Identified a +0 glaive
 20570 | D:12     | Identified a +5 long sword
 20571 | D:12     | Identified a +0 short sword
 20661 | D:12     | Reached skill level 3 in Stealth
 20669 | D:12     | Identified a +0 shortbow
 20672 | D:12     | Identified a +0 shortbow
 20730 | D:12     | Identified a +0 shortbow
 20731 | D:12     | Identified a +0 dagger
 20731 | D:12     | Identified a +0 shortbow
 20731 | D:12     | Identified a +0 shortbow
 20732 | D:12     | Identified a +0 shortbow
 20751 | D:12     | Identified a +0 short sword
 20751 | D:12     | Identified a +0 ring mail
 20756 | D:12     | Identified a +0 club
 20872 | D:12     | Identified a +0 flail
 20872 | D:12     | Identified a +0 leather armour
 20880 | D:12     | Identified a +0 dagger
 20880 | D:12     | Identified a +0 robe
 20880 | D:12     | Identified a +0 leather armour
 20881 | D:12     | Identified a +0 dire flail
 20881 | D:12     | Identified a +0 chain mail
 20884 | D:12     | Identified a +0 mace
 20912 | D:12     | Identified a +0 club
 20912 | D:12     | Identified a +0 leather armour
 20996 | D:12     | Identified a +0 shortbow
 21018 | D:12     | Identified a +2 war axe of distortion
 21018 | D:12     | Identified a +0 leather armour
 21020 | D:12     | Identified a +0 morningstar
 21020 | D:12     | Identified a +0 ring mail
 21021 | D:12     | Identified a +0 dagger
 21021 | D:12     | Identified a +0 robe
 21022 | D:12     | Identified a +0 whip
 21090 | D:12     | Identified a +0 giant club
 21090 | D:12     | Identified a +0 giant club
 21241 | D:13     | Identified a +0 shortbow of velocity
 21359 | D:13     | Identified a +0 shortbow
 21360 | D:13     | Identified a +0 shortbow
 21361 | D:13     | Identified a +0 shortbow
 21361 | D:13     | Identified a +0 shortbow
 21368 | D:13     | Reached XP level 14. HP: 88/150 MP: 13/13
 21468 | D:13     | Identified a +0 flail
 21468 | D:13     | Identified a +0 scale mail
 21468 | D:13     | Identified a cursed -1 shortbow
 21473 | D:13     | Identified a +0 flail
 21473 | D:13     | Identified a +0 leather armour
 21474 | D:13     | Identified a +0 dagger
 21503 | D:13     | Identified a +3 great sword
 21503 | D:13     | Identified a +0 robe
 21503 | D:13     | Identified a +0 trident
 21503 | D:13     | Identified a +0 robe
 21506 | D:13     | Identified a +5 dire flail
 21506 | D:13     | Identified a +0 robe
 21543 | D:13     | Identified a +0 flail
 21543 | D:13     | Identified a +0 robe
 21634 | D:13     | Identified a +1 dagger of electrocution
 21634 | D:13     | Identified a +0 ring mail
 21733 | D:13     | Identified a +0 dagger
 21733 | D:13     | Identified a +0 robe
 21738 | D:13     | Identified a +0 troll leather armour
 21749 | D:13     | Found a gate to the Vaults.
 21972 | D:13     | Identified a +0 shortbow
 21973 | D:13     | Identified a +0 longbow
 21975 | D:13     | Identified a +0 dagger of distortion
 21975 | D:13     | Identified a +0 shortbow
 21975 | D:13     | Identified a +0 shortbow
 21977 | D:13     | Identified a +0 whip
 21977 | D:13     | Identified a +1 shortbow of freezing
 22201 | D:13     | Identified a potion of curing
 22202 | D:13     | Identified a scroll of magic mapping
 22203 | D:13     | Identified a scroll of holy word
 22204 | D:13     | Identified a scroll of silence
 22205 | D:13     | Identified a scroll of random uselessness
 22207 | D:13     | Identified a scroll of noise
 22235 | D:14     | Identified a +0 great mace
 22235 | D:14     | Identified a +0 leather armour
 22235 | D:14     | Identified a +0 battleaxe
 22235 | D:14     | Identified a +0 leather armour
 22245 | D:14     | Reached skill level 15 in Unarmed Combat
 22289 | D:14     | Identified a +0 long sword
 22289 | D:14     | Identified a +0 chain mail
 22301 | D:14     | Identified a +0 short sword
 22301 | D:14     | Identified a +0 leather armour
 22321 | D:14     | Identified a +0 dagger
 22321 | D:14     | Identified a +0 robe
 22633 | D:14     | Reached skill level 4 in Stealth
 22646 | D:14     | Reached skill level 13 in Fighting
 22705 | D:14     | Identified a +0 hunting sling
 22835 | D:14     | Identified a +0 dagger
 22835 | D:14     | Identified a +0 robe
 22861 | D:14     | Identified a ring of evasion (You found it on level 14 of
                  | the Dungeon)
 22979 | D:14     | Reached skill level 10 in Throwing
 23211 | D:15     | Entered Level 15 of the Dungeon
 23309 | D:15     | Identified a scroll of summoning
 23337 | D:15     | Identified a +0 broad axe
 23337 | D:15     | Identified a +0 chain mail
 23343 | D:15     | Identified a +0 flail
 23496 | D:15     | Found an opulent altar of Gozag.
 23808 | D:15     | Found a staircase to the Depths.
 23865 | D:15     | Identified a +0 dagger
 23865 | D:15     | Identified a +0 robe
 24077 | D:15     | Paralysed by a hornet for 2 turns
 24225 | D:15     | Found a sacrificial altar of Ru.
 24493 | D:15     | Identified a +1 longbow of flaming
 24493 | D:15     | Identified a +1 centaur barding
 24493 | D:15     | Noticed Nessos
 24519 | D:15     | Killed Nessos
 24524 | D:15     | Reached skill level 1 in Armour
 24946 | Snake:1  | Entered Level 1 of the Snake Pit
 24948 | Snake:1  | Identified a +0 dagger
 24948 | Snake:1  | Identified a +0 robe
 24948 | Snake:1  | Noticed Josephine
 24969 | Lair:4   | Killed Josephine
 25085 | Snake:1  | Identified a +3 dagger of venom
 25085 | Snake:1  | Identified a +0 robe
 25270 | Snake:1  | Identified a +0 trident
 25318 | Snake:1  | Identified a +0 long sword of draining
 25318 | Snake:1  | Identified a +0 robe
 25323 | Snake:1  | Reached XP level 15. HP: 161/161 MP: 14/14
 25364 | Snake:1  | Identified a +0 short sword
 25364 | Snake:1  | Identified a +0 shortbow
 25364 | Snake:1  | Identified a +0 war axe
 25365 | Snake:1  | Identified a +0 scimitar
 25365 | Snake:1  | Identified a +0 robe
 25366 | Snake:1  | Identified a +0 scimitar
 25367 | Snake:1  | Identified a +5 scimitar of electrocution
 25367 | Snake:1  | Identified a +0 robe
 25367 | Snake:1  | Identified a +0 shield
 25371 | Snake:1  | Identified a +0 hand axe
 25371 | Snake:1  | Identified a +0 arbalest
 25373 | Snake:1  | Noticed Aizul
 25386 | Snake:1  | Identified a +0 mace
 25386 | Snake:1  | Identified a +0 robe
 25386 | Snake:1  | Identified a +0 large shield
 25389 | Snake:1  | Identified a +0 war axe
 25391 | Snake:1  | HP: 31/161 [Aizul/bolt of poison (16)]
 25392 | Snake:1  | Identified a +2 mace of holy wrath
 25392 | Snake:1  | Identified a +0 arbalest
 25392 | Snake:1  | Identified a +0 robe
 25392 | Snake:1  | Identified a +0 hand axe
 25392 | Snake:1  | Identified a +0 robe
 25393 | Snake:1  | HP: 15/161 [Aizul (2)]
 25395 | Snake:1  | Identified a +2 vampiric trident
 25395 | Snake:1  | Identified a +3 war axe
 25395 | Snake:1  | Identified a +0 hand axe
 25397 | Snake:1  | Identified a +0 mace
 25397 | Snake:1  | Identified a +0 halberd
 25397 | Snake:1  | Identified a cursed +0 robe
 25398 | Snake:1  | HP: 30/161 [poisoned by Aizul (bolt of poison)]
 25399 | Snake:1  | Identified a +0 glaive
 25400 | Snake:1  | Identified a +3 dagger of venom
 25400 | Snake:1  | Identified a +0 robe
 25401 | Snake:1  | HP: 14/161 [anaconda (1)]
 25401 | Snake:1  | HP: 1/161 [naga sharpshooter/arrow (13)]
 25402 | Snake:1  | Slain by Aizul

Table legend:
 A = Turns spent in this place as a percentage of turns spent in the entire game.
 B = Non-inter-level travel turns spent in this place as a percentage of non-inter-level travel turns spent in the entire game.
 C = Inter-level travel turns spent in this place as a percentage of turns spent in this place.
 D = Turns resting spent in this place as a percentage of non-inter-level travel turns spent in this place.
 E = Turns spent auto-exploring this place as a percentage of non-inter-level travel turns spent in this place.
 F = Non-inter-level travel turns spent in this place divided by the number of levels of this place that you've seen.
                   A       B       C       D       E      F
               +-------+-------+-------+-------+-------+----------------------
         Total | 100.0 | 100.0 |   7.6 |  12.7 |  62.2 | 902.5
       Dungeon |  58.1 |  58.5 |   6.9 |   6.9 |  69.7 | 915.0
        Temple |   0.8 |   0.8 |   2.9 |   0.0 |  93.5 | 199.0
          Lair |  28.6 |  27.8 |  10.2 |  15.9 |  58.2 | 1086.2
     Snake Pit |   0.8 |   0.9 |   0.0 |  37.7 |  16.4 | 207.0
  Orcish Mines |   9.0 |   9.1 |   7.4 |  29.7 |  42.2 | 1063.0
      Gauntlet |   2.7 |   2.9 |   0.0 |  41.7 |  15.6 | 691.0
               +-------+-------+-------+-------+-------+----------------------

Table legend:
 A = Kills in this place as a percentage of kills in entire the game.
 B = Kills by you in this place as a percentage of kills by you in the entire game.
 C = Kills by friends in this place as a percentage of kills by friends in the entire game.
 D = Other kills in this place as a percentage of other kills in the entire game.
 E = Experience gained in this place as a percentage of experience gained in the entire game.
 F = Experience gained in this place divided by the number of levels of this place that you have seen.
                   A       B       C       D       E      F
               +-------+-------+-------+-------+-------+----------------------
         Total | 100.0 | 100.0 |   N/A | 100.0 | 100.0 | 5089.9
       Dungeon |  55.9 |  56.0 |   N/A |  33.3 |  44.5 | 3922.3
          Lair |  28.3 |  28.2 |   N/A |  33.3 |  39.7 | 8754.8
     Snake Pit |   1.7 |   1.7 |   N/A |   0.0 |   5.0 | 6649.0
  Orcish Mines |  12.5 |  12.5 |   N/A |  33.3 |   6.9 | 4577.5
      Gauntlet |   1.7 |   1.7 |   N/A |   0.0 |   3.9 | 5171.0
               +-------+-------+-------+-------+-------+----------------------

Skill      XL: |  1  2  3  4  5  6  7  8  9 10 11 12 13 14 |
---------------+-------------------------------------------+-----
Throwing       | 1 2 3 4 5 6 7 9 10 | 10.2
Fighting       | 3 4 5 6 7 8 10 12 13 | 13.3
Unarmed Combat | 4 5 6 7 9 10 13 14 15 | 15.5
Dodging        | 3 4 5 6 7 9 |  9.9
Stealth        | 3 4 |  4.8
Armour         | 1 |  1.5

Action                   |  1- 3 |  4- 6 |  7- 9 | 10-12 | 13-15 || total
-------------------------+-------+-------+-------+-------+-------++-------
Melee: Unarmed           |    94 |   120 |   367 |   793 |   618 ||  1992
       Punch             |     1 |     3 |    11 |    78 |    56 ||   149
 Fire: Blowgun           |       |       |       |     6 |     4 ||    10
Throw: Stone             |    86 |   100 |   122 |       |       ||   308
       Tomahawk          |       |       |    31 |   160 |   256 ||   447
       Javelin           |       |       |       |    18 |    18 ||    36
       Large rock        |       |       |       |       |    64 ||    64
Invok: Sacrifice Artific |       |       |     1 |       |       ||     1
       Sacrifice Arcana  |       |       |     1 |       |       ||     1
       Sacrifice Purity  |       |       |       |     1 |       ||     1
       Sacrifice Experie |       |       |       |     1 |       ||     1
       Draw Out Power    |       |       |       |     1 |     2 ||     3
       Power Leap        |       |       |       |     1 |       ||     1
       Sacrifice Essence |       |       |       |     1 |       ||     1
Evoke: Wand              |       |     5 |     3 |       |       ||     8
  Use: Potion            |       |     1 |       |     2 |     8 ||    11
       Scroll            |       |       |     7 |    14 |    10 ||    31
 Stab: Sleeping          |       |       |     2 |    10 |     7 ||    19
       Invisible         |       |       |     1 |    11 |     2 ||    14
       Distracted        |       |       |     2 |     6 |     2 ||    10
       Paralysed         |       |       |       |     7 |    11 ||    18
  Eat: Chunk             |    16 |    14 |    47 |    76 |    82 ||   235
       Ration            |       |       |       |     2 |       ||     2
Armor: Robe              |    30 |    37 |    74 |   152 |     7 ||   300
       Skin              |       |       |       |    18 |       ||    18
       Troll leather arm |       |       |       |       |   141 ||   141
Dodge: Dodged            |    49 |    61 |   158 |   431 |   444 ||  1143

Vanquished Creatures
  Gastronok (Lair:1)
  Nessos (D:15)
  A minotaur (Gauntlet)
  An ettin (D:9)
  Snorg (Lair:4)
  Josephine (Lair:4)
  Erolcha (D:11)
  A catoblepas (Lair:6)
  3 hydras
  3 anacondas
  3 centaur warriors (D:13)
  A two-headed ogre (D:12)
  A death knight (D:15)
  2 tengu warriors (D:14)
  3 death yaks (Gauntlet)
  A shock serpent (Snake:1)
  An iron troll (D:13)
  6 skeletal warriors
  3 unseen horrors
  A fire crab (Lair:6)
  An orange crystal statue (D:11)
  Pikel (D:3)
  A glowing orange brain (D:15)
  A naga ritualist (Snake:1)
  2 necromancers
  A phantasmal warrior (D:14)
  A wolf spider zombie (D:14)
  An orc sorcerer (D:9)
  3 mana vipers
  4 orc knights
  A wolf spider (D:15)
  7 ugly things
  7 cyclopes
  A manticore (D:14)
  A centaur zombie (D:15)
  4 elephants
  A guardian serpent (Snake:1)
  A torpor snail (Lair:6)
  4 black mambas
  10 spiny frogs
  A centaur skeleton (D:15)
  10 komodo dragons
  2 kobold demonologists
  2 rime drakes
  2 freezing wraiths (D:15)
  An ice devil (Gauntlet)
  A queen bee (Gauntlet)
  12 polar bears
  2 jumping spiders (shapeshifter)
  A wind drake (shapeshifter) (D:15)
  4 trolls
  Grinder (D:4)
  3 raiju (Lair:6)
  2 hornets
  12 dream sheep
  A raiju (shapeshifter) (D:15)
  5 slime creatures
  16 blink frogs
  7 hippogriffs
  A shadow (D:12)
  A tarantella (shapeshifter) (D:15)
  A water elemental (D:14)
  2 wyverns
  44 yaks
  9 wraiths
  2 hungry ghosts
  2 vampires
  A yak (shapeshifter) (D:15)
  11 vampire mosquitoes
  3 basilisks
  8 wargs
  2 acid dragons
  5 nagas
  2 soldier ants
  19 water moccasins
  14 hell hounds (Lair:6)
  7 porcupines
  35 orc warriors
  2 phantoms
  An eye of draining (D:13)
  4 ice beasts
  3 sky beasts
  5 ogres
  12 black bears
  33 centaurs
  24 wolves
  13 crocodiles
  18 bullfrogs
  3 wyvern skeletons
  4 scorpions
  11 killer bees
  12 wights
  4 electric eels
  4 crimson imps
  A bullfrog zombie (D:9)
  A lava snake (D:10)
  3 quasits
  6 jellies
  14 orc priests
  A gnoll shaman (D:6)
  8 hounds
  23 orc wizards
  5 bullfrog skeletons
  Ijyb (D:4)
  3 iguanas
  11 worker ants
  A killer bee zombie (D:5)
  A hound skeleton (D:10)
  A worker ant zombie (D:5)
  Robin (D:2)
  A howler monkey skeleton (D:5)
  8 gnolls (D:6)
  9 adders
  5 shadow imps
  2 white imps (Gauntlet)
  8 oozes
  5 worms
  2 dart slugs
  3 leopard geckos
  67 orcs
  7 giant cockroaches
  13 goblins
  13 hobgoblins
  18 jackals
  9 quokkas
  4 ball pythons
  2 bats
  7 frilled lizards
  2 jackal skeletons
  10 kobolds
  A quokka zombie (D:6)
  6 rats
  7 fungi
  A plant (Lair:6)
787 creatures vanquished.

Vanquished Creatures (others)
  An orc warrior (Orc:1)
  A black bear (Lair:6)
  A bullfrog skeleton (D:12)
  An orc wizard (D:14)
  A dart slug (D:4)
  5 orcs
  3 fungi
  11 plants
24 creatures vanquished.

Grand Total: 811 creatures vanquished
